 Dungeon Crawl Stone Soup version 0.21-a0-135-g8dc100c (webtiles) character file.

4960 Kythnos the Unseen (level 10, -3/73 HPs)
             Began as a Spriggan Enchanter on July 18, 2017.
             Was a Priest of Dithmenos.
             Slain by a bullfrog (6 damage)
             ... on level 9 of the Dungeon.
             The game lasted 00:33:08 (9648 turns).

Kythnos the Unseen (Spriggan Enchanter)             Turns: 9648, Time: 00:33:09

Health: -3/73      AC:  7    Str: 11    XL:     10   Next: 28%
Magic:  3/21       EV: 22    Int: 24    God:    Dithmenos [***...]
Gold:   466        SH:  0    Dex: 17    Spells: 2/23 levels left

rFire    . . .     SeeInvis +   l - +6 dagger (venom)
rCold    . . .     Gourm    .   (shield restricted)
rNeg     . . .     Faith    .   b - +0 robe
rPois    .         Spirit   .   k - +2 hat
rElec    .         Reflect  .   f - +2 cloak
rCorr    .         Harm     .   (gloves unavailable)
MR       +....                  (boots unavailable)
Stlth    ..........             (no amulet)
HPRegen  0.22/turn              p - +6 ring of intelligence
MPRegen  0.17/turn              q - ring of loudness (curse)

@: berserking (expiring), wreathed by umbra, very quick
A: unfitting armour, see invisible, herbivore 3, speed 3, slow metabolism 2
a: Shadow Step, Renounce Religion


You were on level 9 of the Dungeon.
You worshipped Dithmenos.
Dithmenos was most pleased with you.
You were not hungry.

You visited 2 branches of the dungeon, and saw 10 of its levels.

You collected 466 gold pieces.

Inventory:

Hand Weapons
 a - a +1 dagger
 c - a +2 rapier of draining
 l - a +6 dagger of venom (weapon)
 t - a +0 antimagic dagger
Missiles
 o - 2 throwing nets (quivered)
Armour
 b - a +0 robe (worn)
 f - a +2 cloak (worn)
 k - a +2 hat (worn)
Jewellery
 p - a +6 ring of intelligence (left hand)
 q - a cursed ring of loudness (right hand)
 r - a +4 ring of intelligence
Wands
 n - a wand of disintegration (17/24)
 s - a wand of polymorph (12/24)
 v - a wand of iceblast (2/15)
 x - a wand of lightning (9/15)
 B - a wand of digging (14/24)
Scrolls
 h - 5 scrolls of teleportation
 i - 6 scrolls of magic mapping
 u - a scroll of amnesia
 w - a scroll of enchant armour
 y - 2 scrolls of identify
Potions
 e - a potion of might
 g - 6 potions of curing
 m - 2 potions of cancellation
 z - a potion of agility
Books
 C - a book of Enchantments

   Spells                             Type                      Level
   a - Cause Fear                     Hexes                        4
   b - Yara's Violent Unravelling     Hexes/Transmutation          5
   c - Silence                        Hexes/Air                    5
   d - Deflect Missiles               Charms/Air                   6
   e - Discord                        Hexes                        8
 D - Kikubaaqudgha's Volume of the Bouncing Wonders
   (You found it on level 8 of the Dungeon)

   Spells                             Type                      Level
   a - Animate Skeleton               Necromancy                   1
Comestibles
 d - 5 bread rations
 A - 11 royal jellies


   Skills:
 + Level 3.4 Fighting
 + Level 4.9 Short Blades
 + Level 6.8 Dodging
 + Level 16.1 Stealth
 + Level 7.2 Spellcasting
 + Level 7.0 Hexes


You had 2 spell levels left.
You knew the following spells:

 Your Spells              Type           Power        Failure   Level  Hunger
a - Ensorcelled Hibernat  Hex/Ice        ####..       2%          2    None
b - Corona                Hex            #####..      1%          1    None
c - Confuse               Hex            #####...     1%          3    None
d - Tukima's Dance        Hex            #####...     1%          3    None
e - Dazzling Spray        Conj/Hex       ####..       4%          3    None
f - Cause Fear            Hex            #####.....   3%          4    ###....
g - Silence               Hex/Air        ####......   41%         5    #####..


Dungeon Overview and Level Annotations

Branches:
Dungeon (9/15)             Temple (1/1) D:4
   Lair: D:8-11         Orc: D:9-12

Altars:
Ashenzari
Cheibriados
Dithmenos
Elyvilon
Fedhas
Gozag
Hepliaklqana
Kikubaaqudgha
Makhleb
Nemelex Xobeh
Okawaru
Qazlal
Ru
Sif Muna
Trog
Uskayaw
Vehumet
Wu Jian
Xom
Yredelemnul
Zin
The Shining One


Innate Abilities, Weirdness & Mutations

You are very small and have problems with some larger weapons.
You are too small for most types of armour.
You have supernaturally acute eyesight. (SInv)
You are a herbivore.
You cover ground extremely quickly.
You need consume almost no food.


Message History

The bullfrog misses you. The troll bites you!
* * * LOW HITPOINT WARNING * * *
The troll claws you but does no damage. The troll completely misses you.
The hound closely misses you.
You puncture the troll!
The troll looks as sick as possible!
The troll is almost dead.
The bullfrog barely misses you.
You puncture the troll!
You kill the troll!
Dithmenos accepts your kill. The hound misses you. The bullfrog misses you.
You puncture the orc!
You kill the orc!
Dithmenos accepts your kill. The hound completely misses you.
The bullfrog misses you.
Items here: ) [ †† a ring mail; a dagger of speed; a troll corpse; an orc corpse You feel a strong urge to attack something.
The bullfrog hits you.
You die...

≈ .≈ ..$ ... .. ≈
########)#....
#....[h.l....;
#.<.@F##......
......>............
######.....#.....≈.
........#.......
######### ..####
..# .# ..


You could see a bullfrog, a hound and a leopard gecko.

Vanquished Creatures
  A two-headed ogre (D:8)
  A troll (D:9)
  Grum (D:9)
  2 hungry ghosts (D:8)
  3 sky beasts
  2 orc warriors
  3 ice beasts (D:6)
  3 ogres
  A phantom (D:6)
  A necrophage (D:6)
  5 wolves (D:9)
  4 centaurs
  A crocodile (D:7)
  A bullfrog (D:7)
  2 scorpions
  5 killer bees
  A wight (D:7)
  A crimson imp (D:6)
  A centaur zombie (D:8)
  A quasit (D:8)
  2 bullfrog zombies
  6 hounds
  5 jellies
  3 orc priests
  A bullfrog skeleton (D:8)
  4 iguanas
  Jessica (D:2)
  5 orc wizards
  4 worker ants
  3 hound skeletons
  A howler monkey skeleton (D:8)
  8 gnolls
  8 adders
  A shadow imp (D:6)
  7 oozes
  An adder zombie (D:8)
  3 adder skeletons
  4 worms
  26 orcs
  6 giant cockroaches
  6 goblins
  2 hobgoblins
  7 jackals
  3 kobolds
  10 quokkas
  A ball python (D:6)
  6 bats
  3 frilled lizards
  A giant cockroach zombie (D:5)
  A jackal skeleton (D:5)
  A jackal zombie (D:6)
  2 leopard gecko skeletons
  A leopard gecko zombie (D:5)
  A quokka zombie (D:8)
  6 rats
190 creatures vanquished.

Vanquished Creatures (others)
  2 dancing weapons
2 creatures vanquished.

Grand Total: 192 creatures vanquished

Notes
Turn   | Place    | Note
-------+----------+-------------------------------------------
     0 | D:1      | Kythnos the Spriggan Enchanter began the quest for the Orb.
     0 | D:1      | Reached XP level 1. HP: 9/9 MP: 5/5
   495 | D:1      | Reached XP level 2. HP: 9/13 MP: 4/7
   499 | D:1      | Learned a level 2 spell: Ensorcelled Hibernation
   925 | D:2      | Reached XP level 3. HP: 16/16 MP: 6/9
   930 | D:2      | Learned a level 3 spell: Confuse
   934 | D:2      | Learned a level 3 spell: Tukima's Dance
  1561 | D:2      | Found a sacrificial altar of Ru.
  1645 | D:2      | Noticed Jessica
  1655 | D:2      | Killed Jessica
  1655 | D:2      | Reached XP level 4. HP: 21/21 MP: 4/11
  2007 | D:3      | Found a hide-covered altar of Uskayaw.
  2144 | D:3      | Reached skill level 5 in Hexes
  2514 | D:3      | Learned a level 3 spell: Dazzling Spray
  2763 | D:3      | Reached skill level 5 in Spellcasting
  3013 | D:3      | Found an iron altar of Okawaru.
  3166 | D:3      | Reached XP level 5. HP: 21/24 MP: 13/13
  3538 | D:3      | Reached skill level 5 in Stealth
  3685 | D:4      | Reached skill level 6 in Stealth
  3773 | D:4      | Reached skill level 7 in Stealth
  3773 | D:4      | Reached XP level 6. HP: 20/28 MP: 7/14
  3936 | D:4      | Found a staircase to the Ecumenical Temple.
  3942 | Temple   | Entered the Ecumenical Temple
  3967 | Temple   | Became a worshipper of Dithmenos the Shadowed
  4442 | D:5      | Entered Level 5 of the Dungeon
  4654 | D:5      | Reached skill level 8 in Stealth
  4657 | D:5      | Reached skill level 9 in Stealth
  4962 | D:5      | Reached XP level 7. HP: 11/32 MP: 11/15
  5315 | D:5      | Reached skill level 10 in Stealth
  5630 | D:6      | Reached * piety under Dithmenos
  5630 | D:6      | Reached skill level 11 in Stealth
  5934 | D:6      | Found a burning altar of Makhleb.
  5939 | D:6      | Reached skill level 12 in Stealth
  5963 | D:6      | Found a shimmering altar of Xom.
  5995 | D:6      | Reached XP level 8. HP: 18/36 MP: 10/16
  6290 | D:6      | Reached skill level 13 in Stealth
  6708 | D:6      | Reached skill level 14 in Stealth
  7288 | D:6      | Reached skill level 15 in Stealth
  7301 | D:7      | Reached ** piety under Dithmenos
  7540 | D:7      | Reached XP level 9. HP: 22/40 MP: 15/18
  7827 | D:7      | Reached skill level 1 in Fighting
  8160 | D:7      | Found a blossoming altar of Fedhas.
  8464 | D:8      | Noticed a two-headed ogre
  8475 | D:8      | Killed a two-headed ogre
  8475 | D:8      | Reached skill level 5 in Dodging
  8840 | D:8      | Found a sacrificial altar of Ru.
  8974 | D:8      | Reached *** piety under Dithmenos
  9238 | D:8      | Learned a level 4 spell: Cause Fear
  9244 | D:8      | Learned a level 5 spell: Silence
  9252 | D:8      | Found an ancient bone altar of Kikubaaqudgha.
  9252 | D:8      | Found a deep blue altar of Sif Muna.
  9254 | D:8      | Found a radiant altar of Vehumet.
  9266 | D:8      | Reached XP level 10. HP: 48/48 MP: 21/21
  9271 | D:8      | Identified Kikubaaqudgha's Volume of the Bouncing Wonders
  9605 | D:9      | Noticed Grum
  9619 | D:9      | Killed Grum
  9619 | D:9      | Reached skill level 16 in Stealth
  9643 | D:9      | HP: 2/73 [troll (12)]
  9648 | D:9      | Slain by a bullfrog

Vault maps used:
D:1:      dpeg_arrival_solitude
D:2:      lemuel_coloured_pillars_altar, uniq_jessica
D:3:      okawaru_ov_weapons_minmay, nicolae_overflow_hidden_temple
D:4:      minmay_temple_entry_nine_rooms, first_bread
D:5:      hex_tiny, minmay_misc_feat_doors
D:6:      xom_teletrap_fun, makhleb_blood_cavern_becter
D:7:      hangedman_cross_stitches, basic_altar
D:8:      grunt_temple_overflow_magic_moments, hangedman_little_slice_of_home,
          grunt_ministairs_1, nicolae_ru_awakened_eye
D:9:      erik_lair_island, hangedman_incinerator, uniq_grum
Temple:   eino_temple_lava

Skill      XL: |  1  2  3  4  5  6  7  8  9 10 |
---------------+-------------------------------+-----
Spellcasting   | 3 4 5 6 7 |  7.2
Hexes          | 4 5 6 7 |  7.0
Stealth        | 7 9 12 15 16 | 16.1
Short Blades   | 2 4 |  4.9
Fighting       | 2 3 |  3.4
Dodging        | 6 |  6.8

Action                   |  1- 3 |  4- 6 |  7- 9 | 10-12 || total
-------------------------+-------+-------+-------+-------++-------
Melee: Dagger            |    65 |   118 |   303 |    40 ||   526
 Cast: Corona            |     8 |       |       |       ||     8
       Ensorcelled Hiber |    11 |    17 |    17 |    13 ||    58
       Confuse           |     3 |     7 |    19 |       ||    29
       Dazzling Spray    |       |     4 |     9 |       ||    13
       Tukima's Dance    |       |       |     4 |     1 ||     5
  Use: Scroll            |       |    10 |     5 |     1 ||    16
       Potion            |       |       |       |     1 ||     1
 Stab: Sleeping          |    14 |    12 |    36 |    13 ||    75
       Confused          |     2 |     2 |    10 |       ||    14
       Invisible         |       |     2 |     3 |       ||     5
  Eat: Royal jelly       |       |     1 |     1 |       ||     2
       Fruit             |       |     4 |     3 |       ||     7
Armor: Robe              |     7 |    17 |    41 |     7 ||    72
Dodge: Dodged            |    82 |   101 |   267 |    92 ||   542
